 Dungeon Crawl Stone Soup version 0.25-a0-161-gb7fd73da8f (webtiles) character file.

Game seed: 16692686109486548914, levelgen mode: deterministic

62 MisterFreud the Skirmisher (level 3, 0/18 HPs)
             Began as a Felid Artificer on Nov 21, 2019.
             Slain by an adder (1 damage)
             ... on level 2 of the Dungeon.
             The game lasted 00:04:24 (2845 turns).

MisterFreud the Skirmisher (Felid Artificer)        Turns: 2845, Time: 00:04:24

Health: 0/18       AC:  1    Str:  8    XL:     3   Next: 85%
Magic:  6/6        EV: 18    Int: 13    God:
Gold:   51         SH:  0    Dex: 16    Spells: 2/2 levels left
                                        Lives:  0   Deaths: 0

rFire    . . .     SeeInvis +     - Unarmed
rCold    . . .     Gourm    .   (shield unavailable)
rNeg     . . .     Faith    .   (armour unavailable)
rPois    .         Spirit   .   (helmet unavailable)
rElec    .         Reflect  .   (cloak unavailable)
rCorr    .         Harm     .   (gloves unavailable)
MR       .....                  (boots unavailable)
Stlth    ++........             (no amulet)
HPRegen  0.06/turn              (no ring)
MPRegen  0.10/turn              (no ring)

@: lethally poisoned (0 -> -14), hasted, very quick
A: very small, no armour, no weapons or thrown items, stealth, claws 1, fangs 3,
see invisible, carnivore, speed 1, shaggy fur 1, slow metabolism 1, sharp paws
a: no special abilities


You were on level 2 of the Dungeon.
You were completely stuffed.

You visited 1 branch of the dungeon, and saw 3 of its levels.

You collected 51 gold pieces.

Inventory:

Jewellery
 e - an uncursed ring of protection from cold {unknown}
Wands
 a - a wand of flame (11)
 b - a wand of enslavement (15)
 c - a wand of random effects (9)
Scrolls
 g - a scroll of identify {unknown}
 h - a scroll of enchant armour {unknown}
 i - a scroll of immolation {unknown}
 j - a scroll of remove curse {unknown}
Potions
 k - a potion of brilliance {unknown}
 l - a potion of lignification {unknown}
 m - a potion of mutation {unknown}
Comestibles
 d - 2 rations
 n - a chunk of flesh


   Skills:
 + Level 3.8 Fighting
 - Level 2.6 Dodging
 - Level 1.3 Stealth
 - Level 1.0 Unarmed Combat
 - Level 3.2 Evocations


You had 2 spell levels left.
You didn't know any spells.
Your spell library was empty.

Dungeon Overview and Level Annotations

Branches:
Dungeon (3/15)

Altars:

Annotations:
D:3 Terence


Innate Abilities, Weirdness & Mutations

You cannot wear armour.
You are incapable of wielding weapons or throwing items.
Your paws allow you to move quietly. (Stealth)
You have sharp claws.
You have razor-sharp teeth.
You have supernaturally acute eyesight. (SInv)
You are carnivorous and can eat meat at any time.
You cover ground quickly.
You are covered in fur. (AC +1)
You have a slow metabolism.
Your sharp claws are effective at attacking unaware monsters.


Message History

You feel sick. The adder misses you. The adder completely misses you.
You completely miss the adder.
The adder is almost dead.
The adder barely misses you.
You miss the adder.
The adder is almost dead.
You feel sick. The adder misses you.
You closely miss the adder.
The adder is almost dead.
You feel sick. The adder bites you.
* * * LOW HITPOINT WARNING * * *
You are more poisoned.
The adder poisons you!
Unknown command.
It was a potion of haste.
You feel yourself speed up.
* * * LOW HITPOINT WARNING * * *
You feel sick. The adder bites you.
* * * LOW HITPOINT WARNING * * *
The adder bites you.
You die...

#####..#####
#..........#
###.#.....##.# #
###.....#†..##.###
#.#.###.#.#.#.#.........
#.................##....
##.###.#.#.#.....######
###...........#####
.......@#######
#######S# #.# #$# ..#
#.# #.. #.#


You could see an adder.

Vanquished Creatures
  An adder (D:2)
  An ooze (D:1)
  A worm (D:2)
  2 dart slugs (D:1)
  A leopard gecko (D:1)
  7 bats
  2 giant cockroaches (D:1)
  6 goblins (D:1)
  3 hobgoblins (D:1)
  3 jackals (D:1)
  3 kobolds (D:1)
  3 ball pythons (D:1)
  A frilled lizard (D:1)
  4 rats
38 creatures vanquished.

Notes
Turn   | Place    | Note
-------+----------+-------------------------------------------
     0 | D:1      | MisterFreud the Felid Artificer began the quest for the
                  | Orb.
     0 | D:1      | Reached XP level 1. HP: 9/9 MP: 4/4
    36 | D:1      | Reached XP level 2. HP: 2/13 MP: 5/5
   920 | D:1      | Reached XP level 3. HP: 13/17 MP: 6/6
  2526 | D:3      | Noticed Terence
  2845 | D:2      | Slain by an adder

Levels and vault maps discovered:
D:1:      lightli_arrival_lavapool, layout_loops_ring, kennysheep_doodads,
          chequers_serial_rivers_micro_a, minmay_worlds_worst_comb
D:2:      layout_loops_ring, dancing_weapons_uskayaw, grunt_ministairs_7,
          item_on_display_a
D:3:      layout_loops_corners, first_ration, chequers_serial_rivers_room_a,
          chequers_mini_garden, uniq_terence

Skill      XL: |  1  2 |
---------------+-------+-----
Fighting       | 2 3 |  3.8
Dodging        | |  2.6
Stealth        | |  1.3
Unarmed Combat | |  1.0
Evocations     | |  3.2

Action                   || total
-------------------------++-------
Melee: Unarmed           ||   188
       Bite              ||    14
Evoke: Wand              ||    10
  Use: Potion            ||     1
 Stab: Sleeping          ||     6
  Eat: Chunk             ||    11
Armor: Skin              ||     9
Dodge: Dodged            ||   141

Table legend:
 A = Non-vault XP
 B = Vault XP
 C = Vault XP percentage of total XP
 D = Non-vault monster count
 E = Vault monster count
 F = Vault count percentage of total count
                 A         B        C        D         E       F
            +---------+---------+-------+---------+---------+-------
      Total |      85 |       4 |   4.5 |      36 |       2 |   5.3
            +---------+---------+-------+---------+---------+-------
        D:1 |      60 |       4 |   6.2 |      29 |       2 |   6.5
        D:2 |      23 |       0 |   0.0 |       5 |       0 |   0.0
        D:3 |       2 |       0 |   0.0 |       2 |       0 |   0.0
            +---------+---------+-------+---------+---------+-------
